 Dungeon Crawl Stone Soup version 0.29.1-15-g9cfb28693d (webtiles) character file.

Game seed: 6215136536082150625

4270 Peloso the Carver (level 10, -6/88 HPs)
             Began as a Minotaur Fighter on Apr 28, 2023.
             Was a Priest of Okawaru.
             Mangled by an orc knight
             ... wielding a +1 war axe
              (20 damage)
             ... on level 7 of the Dungeon.
             The game lasted 00:15:11 (8100 turns).

Peloso the Carver (Minotaur Fighter)                Turns: 8100, Time: 00:15:12

Health: -6/88      AC: 12    Str: 24    XL:     10   Next: 10%
Magic:  8/9        EV: 13    Int: 10    God:    Okawaru [***...]
Gold:   384        SH:  6    Dex: 16    Spells: 9/9 levels left

rFire   . . .      SeeInvis .   a - +10 mace of the Fool {vamp, rCorr Int+3 Dex+3}
rCold   + . .      Faith    .   d - +0 buckler
rNeg    . . .      Spirit   .   x - +6 ring mail of Bulot {rCorr Str+2 Int+2 Stlth+}
rPois   .          Reflect  .   (helmet restricted)
rElec   .          Harm     .   (no cloak)
rCorr   +          Rampage  .   (no gloves)
Will    .....                   (no boots)
Stlth   +++.......              (no amulet)
HPRegen 0.24/turn               f - ring of flight
MPRegen 0.11/turn               k - ring of protection from cold

@: flying
A: horns 2, retaliatory headbutt
a: Renounce Religion, Heroism


You were on level 7 of the Dungeon.
You worshipped Okawaru.
Okawaru was most pleased with you.
You visited 2 branches of the dungeon, and saw 8 of its levels.
You also visited: Sewer.

You collected 384 gold pieces.

Inventory:

Hand Weapons
 a - the +10 mace of the Fool (weapon) {vamp, rCorr Int+3 Dex+3}
   (You found it on level 5 of the Dungeon)

   It occasionally heals its wielder for a portion of the damage dealt when it
   wounds a living foe.
   Int:       It affects your intelligence (+3).
   Dex:       It affects your dexterity (+3).
   rCorr:     It protects you from acid and corrosion.
 b - a +0 falchion of flaming
 c - a +0 long sword
Armour
 d - a +0 buckler (worn)
 x - the +6 ring mail of Bulot (worn) {rCorr Str+2 Int+2 Stlth+}
   (You found it on level 4 of the Dungeon)

   Str:       It affects your strength (+2).
   Int:       It affects your intelligence (+2).
   rCorr:     It protects you from acid and corrosion.
   Stlth:     It makes you more stealthy.
Jewellery
 f - a ring of flight (left hand)
 i - a ring of positive energy
 j - a ring of magical power
 k - a ring of protection from cold (right hand)
 q - a ring of fire
 G - the ring "Paoth" {rElec rPois rC++ Str-2 Stlth-}
   (You found it on level 6 of the Dungeon)

   [ring of poison resistance]

   Str:       It affects your strength (-2).
   rC:        It greatly protects you from cold.
   rElec:     It insulates you from electricity.
   rPois:     It protects you from poison.
   Stlth:     It makes you less stealthy.
Wands
 w - a wand of flame (6)
 C - a wand of charming (5)
 F - a wand of iceblast (13)
Scrolls
 h - 2 scrolls of brand weapon
 l - 2 scrolls of butterflies
 n - 4 scrolls of noise
 r - 3 scrolls of fear {unknown}
 u - 2 scrolls of teleportation
 v - a scroll of blinking {unknown}
 y - a scroll of poison {unknown}
 D - a scroll of immolation {unknown}
 E - 2 scrolls of enchant weapon {unknown}
 H - 2 scrolls of identify
 I - a scroll of torment {unknown}
 J - a scroll of vulnerability {unknown}
Potions
 e - a potion of might
 g - 3 potions of flight
 m - a potion of heal wounds {unknown}
 o - 2 potions of berserk rage
 p - 2 potions of haste
 s - 2 potions of magic
 t - 2 potions of invisibility
 z - a potion of resistance {unknown}
 A - a potion of mutation {unknown}
 B - a potion of brilliance {unknown}


   Skills:
 + Level 7.7 Fighting
 + Level 8.8 Long Blades
 + Level 7.7 Maces & Flails
 + Level 7.5 Armour
 + Level 5.2 Dodging
 + Level 3.7 Stealth
 + Level 6.1 Shields
 + Level 0.1 Invocations


You had 9 spell levels left.
You didn't know any spells.
Your spell library contained the following spells:

 Spells                   Type           Power      Damage    Failure   Level
 Magic Dart               Conj           0%         1d3       56%         1
 Scorch                   Fire           0%         2d5       71%         2
 Searing Ray              Conj           0%         2d4       71%         2
 Static Discharge         Conj/Air       0%         3-3/arc   71%         2
 Mephitic Cloud           Conj/Pois/Air  0%         N/A       91%         3
 Flame Wave               Conj/Fire      0%         2d4       100%        4
 Fulminant Prism          Conj/Hex       0%         3d6       100%        4
 Lightning Bolt           Conj/Air       0%         1d11      100%        5
 Maxwell's Capacitive Co  Air            0%         ∞         100%        8
 Call Imp                 Summ           Unusable   N/A       N/A         2
 Summon Cactus Giant      Summ           Unusable   N/A       N/A         6

Dungeon Overview and Level Annotations

Branches:
Dungeon (7/15)             Temple (1/1) D:6           Sewer (visited)

Altars:
Cheibriados
Dithmenos
Elyvilon
Fedhas
Kikubaaqudgha
Nemelex Xobeh
Okawaru
Trog
Wu Jian
Xom
The Shining One

Shops:
D:1 :   D:3 [


Innate Abilities, Weirdness & Mutations

You have a pair of horns on your head.
You reflexively headbutt those who attack you in melee.


Message History

The orc knight barely misses you.
You thump the orc knight!
You feel better.
The orc knight is lightly wounded.
The orc knight hits you with a +1 war axe!
You hit the orc knight.
You feel better.
Your headbutt misses the orc knight.
The orc knight is lightly wounded.
You block the orc knight's attack.
You barely miss the orc knight. You headbutt the orc knight.
The orc knight is moderately wounded.
You closely miss the orc knight.
The orc knight is moderately wounded.
The orc knight hits you with a +1 war axe!!
You sock the orc knight!
The orc knight is heavily wounded.
The orc knight misses you.
You hit the orc knight.
You feel better.
You headbutt the orc knight, but do no damage.
The orc knight is heavily wounded.
The orc knight hits you with a +1 war axe.
You hit the orc knight but do no damage.
You headbutt the orc knight!
The orc knight is severely wounded.
The orc knight hits you with a +1 war axe!!
You thump the orc knight!
You feel better.
The orc knight is severely wounded.
You completely miss the orc knight.
The orc knight is severely wounded.
The orc knight hits you but does no damage.
You hit the orc knight. You headbutt the orc knight!
The orc knight is almost dead.
The orc knight hits you with a +1 war axe!!
* * * LOW HITPOINT WARNING * * *
You hit the orc knight. Your headbutt misses the orc knight.
The orc knight is almost dead.
You feel like a meek peon again. You block the orc knight's attack.
You barely miss the orc knight. Your headbutt misses the orc knight.
The orc knight is almost dead.
The orc knight hits you with a +1 war axe!!
You die...

..........#####.........#####....
.###....### #.#######.# ###.. .#
#...## #.# ..)#.# ##. .# #..##
#####.# ..##.##### ## .# #..#
##.....# ..)#.....## # .# #.##
##..###.# o.##.###..## # .# #.#
#..## #.# ..[#.# ##..# .###.#
#.## #.###'###.# ##.# .....# #.#
#.@ooo[...# #.# ##..#####.###
#####'#########.###
##..#.......####.. ..o ##.#...#.
##..#.####...##.. ###..#...#.#..
....#....###..#.# .##.#.#.#.
##..#......##.#.# #.#.....#
##..'.......#.'.# .'..#.#.#.
....#.))...##.#.# #.#.#...).#
###.#....###..#.## #.##.#.#.#.


You could see an orc knight and 2 orc warriors.

Vanquished Creatures
  A hydra (D:7)
  A troll (D:7)
  A slime creature (D:7)
  2 acid dragons
  A sky beast (D:7)
  2 black bears (D:5)
  2 orc warriors
  2 phantoms
  2 centaurs (D:7)
  6 necrophages
  4 kobold brigands
  3 bullfrogs
  A gnoll sergeant (D:7)
  5 scorpions
  A wight (D:7)
  5 killer bees (D:6)
  A howler monkey (D:7)
  A bullfrog zombie (D:4)
  A quasit (D:5)
  A jelly (D:6)
  5 hounds
  2 orc priests (D:6)
  4 iguanas
  3 orc wizards
  A howler monkey zombie (D:4)
  11 adders
  3 river rats
  A white imp (D:6)
  An adder zombie (D:4)
  5 worms
  A dart slug (D:1)
  12 orcs
  5 endoplasms
  3 giant cockroaches
  9 goblins
  5 hobgoblins
  3 jackals (D:4)
  6 quokkas
  13 ball pythons
  6 bats
  2 frilled lizards
  3 goblin skeletons (D:5)
  A goblin zombie (D:5)
  A hobgoblin zombie (D:5)
  21 kobolds
  A kobold skeleton (D:5)
  2 orc zombies (D:5)
  30 rats
203 creatures vanquished.

Vanquished Creatures (others)
  A wizard (D:7)
  A bush (D:4)
  10 plants (D:4)
12 creatures vanquished.

Grand Total: 215 creatures vanquished

Notes
Turn   | Place    | Note
-------+----------+-------------------------------------------
     0 | D:1      | Peloso the Minotaur Fighter began the quest for the Orb.
     0 | D:1      | Reached XP level 1. HP: 19/19 MP: 0/0
    54 | D:1      | Found Feaddol's Book Shop.
   293 | D:1      | Reached XP level 2. HP: 27/27 MP: 1/1
   482 | D:1      | Found a faded altar of an unknown god.
   614 | D:1      | Reached skill level 3 in Long Blades
   769 | D:1      | Reached XP level 3. HP: 24/33 MP: 2/2
  1930 | D:3      | Found Myamess's Antique Armour Shop.
  1967 | D:3      | Reached skill level 1 in Dodging
  2168 | D:3      | Reached XP level 4. HP: 40/40 MP: 3/3
  2449 | D:4      | Reached skill level 4 in Long Blades
  2489 | D:4      | Identified the +6 ring mail of Bulot {rCorr Str+2 Int+2
                  | Stlth+}
  2494 | D:4      | Noticed a scorpion
  2502 | D:4      | Killed a scorpion
  2503 | D:4      | Reached XP level 5. HP: 20/47 MP: 4/4
  2542 | D:4      | Reached skill level 5 in Long Blades
  2630 | D:4      | Reached XP level 6. HP: 29/55 MP: 5/5
  2670 | D:4      | Found a glowing drain.
  2681 | Sewer    | Entered a sewer
  2900 | Sewer    | Reached skill level 5 in Armour
  2976 | Sewer    | Reached skill level 5 in Fighting
  3527 | Sewer    | Reached skill level 6 in Long Blades
  3549 | Sewer    | Reached skill level 1 in Stealth
  3549 | Sewer    | Reached XP level 7. HP: 47/61 MP: 6/6
  4168 | D:4      | Found a blossoming altar of Fedhas.
  4295 | D:4      | Reached skill level 7 in Long Blades
  4372 | D:5      | Entered Level 5 of the Dungeon
  4390 | D:5      | Reached XP level 8. HP: 40/70 MP: 7/7
  4751 | D:5      | Found a glowing golden altar of the Shining One.
  4776 | D:5      | Identified the +10 mace of the Fool {vamp, rCorr Int+3
                  | Dex+3}
  4970 | D:5      | Reached skill level 8 in Long Blades
  5143 | D:5      | Reached skill level 5 in Shields
  5356 | D:6      | Found a staircase to the Ecumenical Temple.
  5368 | D:6      | Reached skill level 1 in Maces & Flails
  5381 | Temple   | Entered the Ecumenical Temple
  5407 | Temple   | Became a worshipper of Warmaster Okawaru
  5953 | D:6      | Identified the ring "Paoth" {rElec rPois rC++ Str-2 Stlth-}
  5983 | D:6      | Reached * piety under Okawaru
  6052 | D:6      | Reached XP level 9. HP: 55/75 MP: 8/8
  6416 | D:7      | Found a sparkling altar of Nemelex Xobeh.
  6427 | D:7      | Found a white marble altar of Elyvilon.
  6522 | D:7      | Reached skill level 5 in Maces & Flails
  6756 | D:7      | Reached ** piety under Okawaru
  6855 | D:7      | Found an ornate altar of the Wu Jian Council.
  6947 | D:7      | Found a bloodstained altar of Trog.
  6951 | D:7      | Noticed a wizard
  6958 | D:7      | Killed a wizard
  7089 | D:7      | Noticed a troll
  7089 | D:7      | Noticed a six-headed hydra
  7104 | D:7      | Killed a one-headed hydra
  7104 | D:7      | Reached *** piety under Okawaru
  7105 | D:7      | Reached skill level 5 in Dodging
  7110 | D:7      | Killed a troll
  7111 | D:7      | Reached XP level 10. HP: 53/86 MP: 7/9
  7144 | D:7      | Noticed a deep elf pyromancer
  7512 | D:7      | Noticed a boulder beetle
  7824 | D:7      | Found a snail-covered altar of Cheibriados.
  8083 | D:7      | Noticed an orc knight
  8100 | D:7      | Mangled by an orc knight

Illustrated notes

Levels and vault maps discovered:
D:1:      minmay_arrival_plants_in_alcoves, layout_basic,
          shapermc_ecumenical_altar_totnotflames, serial_shops, shop,
          minivault_26, interstate_on_off, minmay_misc_feat_nine_boxes,
          minmay_hexomino_c4
D:2:      layout_basic
D:3:      layout_rooms, serial_shops, nicolae_shop_overgrown_old_shop,
          minmay_misc_feat_cross
D:4:      layout_gridville, fedhas_altar_decomposition,
          lightli_sewer_entry_pipes
D:5:      layout_basic, nicolae_tso_besieged_by_evil
D:6:      layout_loops_ring, minmay_temple_entry_arrows, chequers_jeans
D:7:      minmay_the_grid_plus_closed [minmay_the_grid_large_cup,
          minmay_the_grid_armoury, minmay_the_grid_box_x,
          minmay_the_grid_diamond_grid, minmay_the_grid_prize_inner_circle],
          layout_loops_corners, slow_altar_1, lemuel_tele_altar, trog_wizard,
          amethyst_overflow_temple_binary
Temple:   bh_familiar_temple

Skill      XL: |  1  2  3  4  5  6  7  8  9 |
---------------+----------------------------+-----
Armour         | 4 5 6 7 |  7.5
Long Blades    | 3 4 5 6 7 8 |  8.8
Fighting       | 4 5 6 7 |  7.7
Dodging        | 1 2 3 4 5 |  5.2
Shields        | 4 5 6 |  6.1
Stealth        | 1 2 3 |  3.7
Maces & Flails | 3 7 |  7.7
Invocations    | |  0.1

Action                   |  1- 3 |  4- 6 |  7- 9 | 10-12 || total
-------------------------+-------+-------+-------+-------++-------
Melee: Long sword        |   107 |   143 |   137 |       ||   387
       Headbutt          |    13 |    17 |    60 |    10 ||   100
       Mace              |       |       |   127 |    47 ||   174
       Falchion          |       |       |    11 |       ||    11
Invok: Heroism           |       |       |     1 |     1 ||     2
  Use: Potion            |     4 |     1 |       |     1 ||     6
       Scroll            |     3 |     1 |     4 |     2 ||    10
 Stab: Sleeping          |       |     2 |     8 |       ||    10
       Distracted        |       |       |     3 |     1 ||     4
Armor: Scale mail        |    36 |       |       |       ||    36
       Chain mail        |    29 |    41 |       |       ||    70
       Ring mail         |       |    41 |   134 |    14 ||   189
Dodge: Dodged            |    64 |    58 |   170 |    16 ||   308
Block: Buckler           |    23 |    40 |    83 |    12 ||   158
